 Dungeon Crawl Stone Soup version 0.27-a0-1046-g98bf31544f (webtiles) character file.

Game seed: 16837453101927608906

43016 Mgcat the Fighter (level 14, -5/157 HPs)
             Began as an Ogre Hunter on Apr 19, 2021.
             Was an Initiate of Gozag.
             Slain by a meliai
             ... wielding a +0 war axe
              (23 damage)
             ... on level 5 of the Lair of Beasts.
             The game lasted 00:32:56 (22062 turns).

Mgcat the Fighter (Ogre Hunter)                    Turns: 22062, Time: 00:32:56

Health: -5/157     AC: 30    Str: 23    XL:     14   Next: 22%
Magic:  0/14       EV: 10    Int: 12    God:    Gozag
Gold:   2858       SH:  0    Dex: 26    Spells: 13/13 levels left

rFire    . . .     SeeInvis .   b - +3 giant club "Ofric" {holy, Will+ Dex+4}
rCold    . . .     Faith    .   (shield currently unavailable)
rNeg     + . .     Spirit   +   n - +7 pearl dragon scales "Maemier" {rN+ Dex+7}
rPois    .         Reflect  .   Q - +2 hat {Stlth+}
rElec    .         Harm     .   E - +2 cloak
rCorr    .         Rampage  .   (gloves unavailable)
Will     ++...                  (boots unavailable)
Stlth    ++........             l - amulet of guardian spirit {Spirit}
HPRegen  0.36/turn              G - +4 ring of protection
MPRegen  0.14/turn              g - +6 ring of dexterity

@: lethally poisoned (-5 -> -11)
A: large, unfitting armour, tough skin 1
a: Renounce Religion, Potion Petition, Call Merchant, Bribe Branch


You were on level 5 of the Lair of Beasts.
You worshipped Gozag.
Gozag was most pleased with you.
You visited 3 branches of the dungeon, and saw 17 of its levels.

You collected 3210 gold pieces.
You spent 220 gold pieces at shops.
You paid 132 gold pieces to Gozag.

Inventory:

Hand Weapons
 b - the +3 giant club "Ofric" (weapon) {holy, Will+ Dex+4}
   (You acquired it on level 8 of the Dungeon)

   It has been blessed by the Shining One to cause great damage to the undead
   and demons.
   It affects your dexterity (+4).
   It increases your willpower.
 m - a +2 whip of venom
   (You took it off a kobold on level 2 of the Dungeon)
Missiles
 d - 3 throwing nets {=f, !d}
 u - 4 large rocks (quivered) {!d}
Armour
 n - the +7 pearl dragon scales "Maemier" (worn) {rN+ Dex+7}
   (You acquired it on level 8 of the Dungeon)

   It affects your dexterity (+7).
   It protects you from negative energy.
 E - a +2 cloak (worn)
   (You found it on level 9 of the Dungeon)
 Q - a +2 hat of stealth (worn)
   (You found it on level 3 of the Lair of Beasts)
Jewellery
 g - a +6 ring of dexterity (right hand)
   (You found it on level 9 of the Dungeon)
 l - an amulet of guardian spirit (around neck) {Spirit}
   (You found it on level 6 of the Dungeon)
 v - a ring of positive energy {rN+}
   (You found it on level 4 of the Lair of Beasts)
 D - a ring of protection from cold {rC+, !d}
   (You found it on level 4 of the Lair of Beasts)
 G - a +4 ring of protection (left hand)
   (You found it on level 8 of the Dungeon)
 R - a ring of protection from fire {rF+, !d}
   (You found it on level 3 of the Lair of Beasts)
 S - a +6 ring of dexterity
   (You found it on level 4 of the Lair of Beasts)
Wands
 c - a wand of flame (37)
   (You took it off Blork the orc on level 4 of the Dungeon)
 f - a wand of polymorph (16)
   (You found it on level 9 of the Dungeon)
 k - a wand of acid (8)
   (You found it on level 8 of the Dungeon)
 o - a wand of digging (4)
   (You took it off Grum on level 10 of the Dungeon)
 t - a wand of mindburst (25)
   (You found it on level 4 of the Dungeon)
 A - a wand of charming (9)
   (You found it on level 11 of the Dungeon)
 B - a wand of iceblast (9)
   (You found it on level 6 of the Dungeon)
Scrolls
 a - 4 scrolls of immolation {!r}
 h - 9 scrolls of teleportation
 j - a scroll of magic mapping {!r}
 y - a scroll of vulnerability {!r!r}
 z - 2 scrolls of holy word {!r}
 F - 2 scrolls of fog
 I - a scroll of enchant weapon
 K - 3 scrolls of identify
 M - a scroll of enchant armour
 O - 2 scrolls of fear
 P - a scroll of amnesia
Potions
 e - a potion of attraction {!q}
 i - 6 potions of curing
 p - 2 potions of might
 q - 4 potions of brilliance
 r - a potion of lignification {!q}
 s - 2 potions of magic
 w - 2 potions of haste
 x - 3 potions of flight
 C - 3 potions of cancellation
 J - 2 potions of invisibility
Miscellaneous
 L - a phantom mirror
   (You found it on level 10 of the Dungeon)


   Skills:
 + Level 14.3 Fighting
 * Level 14.0 Maces & Flails
 + Level 11.9 Throwing
 + Level 7.6 Armour
 - Level 3.7 Dodging
 - Level 0.6 Stealth


You had 13 spell levels left.
You didn't know any spells.
Your spell library contained the following spells:

 Spells                   Type           Power      Damage    Failure   Level
 Animate Skeleton         Necr           0%         N/A       65%         1
 Apportation              Tloc           0%         N/A       65%         1
 Corona                   Hex            0%         N/A       65%         1
 Summon Small Mammal      Summ           0%         N/A       65%         1
 Poisonous Vapours        Pois/Air       0%         N/A       80%         2
 Slow                     Hex            0%         N/A       80%         2
 Conjure Flame            Conj/Fire      0%         6-21      95%         3
 Inner Flame              Hex/Fire       0%         N/A       95%         3
 Mephitic Cloud           Conj/Pois/Air  0%         N/A       95%         3
 Portal Projectile        Hex/Tloc       0%         N/A       95%         3
 Cause Fear               Hex            0%         N/A       100%        4
 Leda's Liquefaction      Hex/Erth       0%         N/A       100%        4
 Freezing Cloud           Conj/Ice/Air   0%         6-21      100%        6


Dungeon Overview and Level Annotations

Branches:
Dungeon (11/15)            Temple (1/1) D:4            Lair (5/6) D:8
  Swamp (0/4) Lair:4       Spider (0/4) Lair:4        Slime (0/5) Lair:5
    Orc (0/2) D:11

Altars:
Ashenzari
Cheibriados
Dithmenos
Elyvilon
Fedhas
Gozag
Hepliaklqana
Kikubaaqudgha
Makhleb
Nemelex Xobeh
Okawaru
Qazlal
Ru
Sif Muna
Trog
Uskayaw
Vehumet
Wu Jian
Xom
Yredelemnul
Zin
The Shining One
Jiyva

Shops:
D:9 !

Annotations:
D:5 3 runed translucent doors, ChaosF's ghost, novice FoFi
D:9 1 runed translucent door
Lair:1 2 runed translucent doors, Cias's ghost, journeyman GnFi
Lair:2 exclusion: oklob plant
Lair:4 exclusion: oklob plant


Innate Abilities, Weirdness & Mutations

You are too large for most types of armour.
You have tough skin. (AC +1)


Message History

The killer bee becomes distracted by the nearby gold, dreaming of imaginary riches.
You take 11 damage, and have 97/157 hp.
You now have 13/14 mp.
You catch the helpless killer bee completely off-guard!
You hit the killer bee.
The killer bee is no longer distracted by gold.
The killer bee is lightly wounded.
The killer bee becomes distracted by the nearby gold, dreaming of imaginary riches.
You beat the killer bee like a drum!!!
You kill the killer bee!
The meliai hits you but does no damage.
The meliai stings you but does no damage.
A killer bee comes into view.
The queen bee calls on the meliai to defend it!
The meliai goes berserk!
The meliai hits you with a +0 war axe!
The meliai stings you but does no damage.
You see here 19 gold pieces.
You take 14 damage, and have 84/157 hp.
You now have 11/14 mp.
You closely miss the meliai. The meliai hits you with a +0 war axe.
The meliai stings you but does no damage.
The meliai barely misses you. The meliai stings you.
The queen bee stings you but does no damage.
The meliai hits you but does no damage. The meliai misses you.
You take 4 damage, and have 80/157 hp.
You closely miss the meliai. The meliai hits you but does no damage.
The meliai stings you but does no damage.
The meliai closely misses you.
The meliai stings you but does no damage.
The queen bee closely misses you.
You hit the meliai.
The meliai is lightly wounded.
The meliai hits you with a +0 war axe! The meliai stings you.
The meliai barely misses you. The meliai completely misses you.
The queen bee completely misses you. The meliai hits you with a +0 war axe.
The meliai stings you!
You take 22 damage, and have 59/157 hp.
You now have 7/14 mp.
You sock the meliai!
The meliai is heavily wounded.
The meliai hits you with a +0 war axe!
* * * LOW HITPOINT WARNING * * *
The meliai closely misses you. The meliai barely misses you.
The meliai stings you but does no damage.
The queen bee stings you but does no damage.
The meliai closely misses you.
The meliai stings you but does no damage.
You take 12 damage, and have 47/157 hp.
You now have 6/14 mp.
As you read the scroll of fear, it crumbles to dust.
You assume a fearsome visage.
The killer bee looks frightened! x2
The queen bee looks frightened!
The killer bee looks frightened!
The meliai hits you with a +0 war axe!
* * * LOW HITPOINT WARNING * * *
The meliai stings you but does no damage.
The meliai hits you with a +0 war axe!
* * * LOW HITPOINT WARNING * * *
The meliai stings you but does no damage.
The meliai barely misses you. The meliai stings you.
* * * LOW HITPOINT WARNING * * *
You are poisoned.
The meliai poisons you!
You take 19 damage, and have 28/157 hp.
You now have 4/14 mp.
Unknown command.
Unknown command.
Unknown command.
Unknown command.
Unknown command.
Unknown command.
* * * LOW HITPOINT WARNING * * *
You feel very sick.
You hear an angry buzzing noise.
You see here 5 gold pieces.
You take 6 damage, and have 22/157 hp.
Unknown command.
Unknown command.
Really read
N - a scroll of blinking {!r}? [Y]es or [N]o only, please.
Really read
N - a scroll of blinking {!r}?
Blink to where?
Press: ? - help, Dir - move target
As you read the scroll of blinking {!r}, it crumbles to dust.
You feel very sick.
You take 4 damage, and have 18/157 hp.
You feel very sick.
You hear an angry buzzing noise.
You take 2 damage, and have 16/157 hp.
You feel much better.
You feel very sick.
You hear an angry buzzing noise.
The meliai hits you with a +0 war axe!!
* * * LOW HITPOINT WARNING * * *
The meliai stings you but does no damage.
The meliai barely misses you. The meliai closely misses you.
You take 3 damage, and have 13/157 hp.
You now have 2/14 mp.
You feel much better.
You feel sick. The meliai hits you with a +0 war axe.
* * * LOW HITPOINT WARNING * * *
The meliai stings you.
* * * LOW HITPOINT WARNING * * *
The meliai hits you with a +0 war axe!
* * * LOW HITPOINT WARNING * * *
The meliai barely misses you. The meliai hits you with a +0 war axe!!
You die...
Your body crumbles into a pile of gold.

.).# ###........P#.y..$y#
...# ##.P.P#..# ###....# #..#
#..#..#### ##....#### ####
#....## ##P.##$##.### #P.P#
#....§.$..#.# #..#####
#...y......##
##+.#.P.#####......_>.###
##.........##.....#......#
#P........@y#..#........##
##...........#...PP.##.##
#.........#.....#...###
########..[.......)....P....#
#.P#.P......................#
......................P..P.##
####.#........).............#
.# ####...........PP#.####.##
## ##....>....###### ###


You could see a meliai (berserk).

Vanquished Creatures
  Josephine (Lair:4)
  Fannar (Lair:1)
  Erolcha (D:11)
  6 hydras
  4 boulder beetles
  3 two-headed ogres
  Nergalle (D:10)
  7 elephants
  A manticore (D:11)
  4 black mambas
  3 rime drakes
  A torpor snail (Lair:3)
  9 cane toads
  An unseen horror (D:10)
  13 komodo dragons
  2 meliai (Lair:5)
  3 tyrant leeches (Lair:4)
  Prince Ribbit (Lair:3)
  6 blink frogs
  A tarantella (Lair:3)
  2 shadows
  3 wraiths (Lair:4)
  2 redbacks (D:9)
  2 wyverns
  Eustachio (D:3)
  42 yaks
  2 basilisks
  A steam dragon (D:8)
  Grum (D:10)
  A swamp worm (Lair:4)
  19 water moccasins
  A two-headed ogre zombie (D:11)
  3 orc warriors
  An ice beast (D:7)
  4 black bears
  A sky beast (D:5)
  12 necrophages
  15 wolves
  4 centaurs
  2 kobold brigands
  2 phantoms (D:11)
  Blork the orc (D:4)
  10 bullfrogs
  2 wyvern zombies
  13 scorpions
  A water moccasin zombie (D:5)
  A troll zombie (D:11)
  18 killer bees
  A bullfrog zombie (D:6)
  3 lava snakes (Lair:3)
  5 centaur zombies
  2 centaur skeletons
  5 orc priests
  5 hounds
  5 iguanas
  3 orc wizards
  6 ogre zombies (D:11)
  2 howler monkey zombies
  Robin (D:2)
  6 gnolls
  9 adders
  2 shadow imps (D:7)
  2 ufetubi (D:5)
  A worm (D:2)
  A dart slug (D:4)
  19 orcs
  4 bats
  2 endoplasms
  2 giant cockroaches
  15 goblins
  11 hobgoblins
  3 jackals
  4 quokkas
  5 ball pythons
  3 frilled lizards (D:2)
  3 goblin zombies (D:11)
  3 hobgoblin zombies (D:11)
  18 kobolds
  6 orc skeletons (D:11)
  13 orc zombies (D:11)
  6 rats
412 creatures vanquished.

Vanquished Creatures (others)
  An orc (D:6)
  8 fungi
  12 plants
21 creatures vanquished.

Grand Total: 433 creatures vanquished

Notes
Turn   | Place    | Note
-------+----------+-------------------------------------------
     0 | D:1      | Mgcat the Ogre Hunter began the quest for the Orb.
     0 | D:1      | Reached XP level 1. HP: 22/22 MP: 1/1
    58 | D:1      | Reached skill level 3 in Fighting
   663 | D:1      | Reached XP level 2. HP: 25/31 MP: 2/2
  1372 | D:2      | Reached skill level 1 in Maces & Flails
  1372 | D:2      | Reached XP level 3. HP: 37/37 MP: 3/3
  1559 | D:2      | Found a faded altar of an unknown god.
  1915 | D:2      | Reached XP level 4. HP: 24/48 MP: 4/4
  2227 | D:2      | Reached skill level 4 in Fighting
  2518 | D:3      | Noticed Robin
  2536 | D:2      | Killed Robin
  2741 | D:3      | Reached skill level 2 in Maces & Flails
  3441 | D:3      | Reached XP level 5. HP: 26/55 MP: 5/5
  4065 | D:4      | Noticed Eustachio
  4092 | D:3      | HP: 12/55 [Eustachio/+0 rapier (3)]
  4095 | D:3      | Killed Eustachio
  4096 | D:3      | Reached skill level 5 in Fighting
  4096 | D:3      | Reached skill level 3 in Maces & Flails
  4096 | D:3      | Reached skill level 5 in Throwing
  4096 | D:3      | Reached XP level 6. HP: 9/66 MP: 6/6
  4562 | D:4      | Found a sparkling altar of Nemelex Xobeh.
  4613 | D:4      | Noticed a black bear
  4624 | D:4      | Killed a black bear
  4625 | D:4      | Reached skill level 4 in Maces & Flails
  4625 | D:4      | Reached XP level 7. HP: 42/72 MP: 7/7
  4775 | D:4      | Noticed Blork the orc
  5170 | D:4      | Found a staircase to the Ecumenical Temple.
  5254 | D:4      | Killed Blork the orc
  5626 | D:5      | Entered Level 5 of the Dungeon
  5727 | D:5      | Reached skill level 6 in Fighting
  6354 | D:4      | Reached skill level 5 in Maces & Flails
  6354 | D:4      | Reached skill level 6 in Throwing
  6636 | D:5      | Reached XP level 8. HP: 74/84 MP: 8/8
  7152 | D:5      | Found a runed translucent gate.
  7152 | D:5      | Found a runed translucent gate.
  7152 | D:5      | Found a runed translucent gate.
  7341 | D:5      | Noticed ChaosF's ghost (novice FoFi)
  7843 | D:6      | Reached skill level 7 in Fighting
  7843 | D:6      | Reached skill level 6 in Maces & Flails
  8068 | D:6      | HP: 21/86 [water moccasin (1)]
  8195 | D:6      | HP: 21/87 [black bear (2)]
  8804 | D:6      | Reached XP level 9. HP: 64/94 MP: 6/9
  8968 | D:6      | Reached skill level 7 in Maces & Flails
  9022 | D:6      | Reached skill level 7 in Throwing
  9180 | D:6      | Reached skill level 8 in Fighting
  9431 | D:7      | Reached skill level 2 in Dodging
 10218 | D:8      | Found a staircase to the Lair.
 10815 | D:8      | Reached skill level 8 in Maces & Flails
 10815 | D:8      | Reached skill level 3 in Dodging
 10821 | D:8      | Reached skill level 9 in Fighting
 10841 | D:8      | HP: 19/98 [yak (14)]
 10842 | D:8      | HP: 5/98 [yak (14)]
 10910 | D:8      | HP: 15/98 [yak (8)]
 11538 | D:8      | Reached XP level 10. HP: 97/107 MP: 8/10
 11748 | D:8      | Identified 2 scrolls of acquirement
 11748 | D:8      | Acquired the +7 pearl dragon scales "Maemier" {rN+ Dex+7}
 11763 | D:8      | Acquired the +3 giant club "Ofric" {holy, Will+ Dex+4}
 11780 | D:8      | Reached skill level 8 in Throwing
 12179 | D:9      | Found a runed translucent door.
 12182 | D:9      | Found a runed translucent gate.
 12184 | D:9      | Found a runed translucent gate.
 12189 | D:9      | Found the +9 staff of Olgreb {rPois∞}
 12192 | D:9      | Found a runed translucent door.
 12218 | D:9      | Found a runed translucent gate.
 12370 | D:9      | Reached skill level 1 in Armour
 12376 | D:9      | Reached skill level 9 in Maces & Flails
 12537 | Temple   | Entered the Ecumenical Temple
 12544 | Temple   | Became a worshipper of Gozag Ym Sagoz the Greedy
 12784 | D:9      | Found Lenk's Distillery.
 12789 | D:9      | Bought a potion of haste for 110 gold pieces
 12789 | D:9      | Bought a potion of brilliance for 44 gold pieces
 12789 | D:9      | Bought a potion of curing for 33 gold pieces
 12789 | D:9      | Bought a potion of curing for 33 gold pieces
 13172 | D:9      | Reached skill level 10 in Fighting
 13177 | D:9      | Reached skill level 2 in Armour
 13294 | D:10     | Entered Level 10 of the Dungeon
 13308 | D:10     | Killed an unseen horror
 13309 | D:10     | Reached skill level 10 in Maces & Flails
 13309 | D:10     | Reached XP level 11. HP: 112/119 MP: 9/11
 13368 | D:10     | Noticed Grum
 13377 | D:10     | Reached skill level 3 in Armour
 13379 | D:10     | Reached skill level 9 in Throwing
 13386 | D:10     | Killed Grum
 13649 | D:10     | Noticed a two-headed ogre
 13652 | D:10     | Killed a two-headed ogre
 14319 | D:10     | Noticed Nergalle
 14325 | D:10     | Killed Nergalle
 14326 | D:10     | Reached skill level 11 in Fighting
 14326 | D:10     | Found a shimmering blue altar of Sif Muna.
 14326 | D:10     | Found a burning altar of Makhleb.
 14326 | D:10     | Found a snail-covered altar of Cheibriados.
 14326 | D:10     | Found an ancient bone altar of Kikubaaqudgha.
 14334 | D:10     | Found a hide-covered altar of Uskayaw.
 14339 | D:10     | Found a bloodstained altar of Trog.
 14885 | D:11     | Noticed a manticore
 14891 | D:11     | Killed a manticore
 15035 | D:11     | Noticed Erolcha
 15047 | D:11     | Killed Erolcha
 15048 | D:11     | Reached skill level 4 in Armour
 15172 | D:11     | Noticed a boulder beetle
 15183 | D:11     | Killed a boulder beetle
 15476 | D:11     | Reached skill level 11 in Maces & Flails
 15515 | D:11     | Found a staircase to the Orcish Mines.
 15602 | D:11     | Noticed a two-headed ogre
 15609 | D:11     | Killed a two-headed ogre
 15637 | D:11     | Noticed a two-headed ogre
 15644 | D:11     | Killed a two-headed ogre
 15645 | D:11     | Reached XP level 12. HP: 98/131 MP: 9/12
 16248 | Lair:1   | Entered Level 1 of the Lair of Beasts
 16320 | Lair:1   | Noticed Fannar
 16345 | Lair:1   | Killed Fannar
 16346 | Lair:1   | Reached skill level 10 in Throwing
 16611 | Lair:1   | Reached skill level 12 in Fighting
 16782 | Lair:1   | Reached skill level 5 in Armour
 16837 | Lair:1   | Noticed a five-headed hydra
 16846 | Lair:1   | Killed a five-headed hydra
 17018 | Lair:1   | Found a large runed translucent door.
 17019 | Lair:1   | Found a large runed translucent door.
 17024 | Lair:1   | Noticed Cias's ghost (journeyman GnFi)
 17760 | Lair:2   | Reached skill level 12 in Maces & Flails
 18721 | Lair:3   | Noticed an eight-headed hydra
 18724 | Lair:3   | Killed an eight-headed hydra
 18725 | Lair:3   | Reached skill level 6 in Armour
 18764 | Lair:3   | Reached XP level 13. HP: 132/141 MP: 13/13
 18986 | Lair:3   | Reached skill level 13 in Fighting
 19225 | Lair:3   | Reached skill level 11 in Throwing
 19436 | Lair:3   | Found a runed translucent door.
 19489 | Lair:3   | Noticed Prince Ribbit
 19591 | Lair:3   | Killed Prince Ribbit
 19598 | Lair:3   | Reached skill level 13 in Maces & Flails
 20033 | Lair:3   | Identified the +9 whip "Dusus" {speed, rN++ MP-9 Dex+6}
 20375 | Lair:4   | Reached skill level 7 in Armour
 20621 | Lair:4   | Found a hole to the Spider Nest.
 20686 | Lair:4   | Noticed Josephine
 20713 | Lair:4   | Killed Josephine
 20959 | Lair:4   | Found a shimmering altar of Xom.
 21091 | Lair:4   | Reached skill level 14 in Fighting
 21314 | Lair:4   | Found a staircase to the Swamp.
 21463 | Lair:4   | Reached XP level 14. HP: 141/156 MP: 12/14
 21961 | Lair:5   | Reached skill level 14 in Maces & Flails
 22003 | Lair:5   | Found a viscous altar of Jiyva.
 22003 | Lair:5   | Found a staircase to the Slime Pits.
 22057 | Lair:5   | HP: 31/157 [meliai/+0 war axe (9)]
 22061 | Lair:5   | HP: 13/157 [meliai/+0 war axe (17)]
 22062 | Lair:5   | Slain by a meliai

Illustrated notes

Levels and vault maps discovered:
D:1:      dpeg_arrival_windows_large_door, layout_loops_corners
D:2:      minmay_alternating_diamond, layout_basic,
          hellmonk_ecumenical_altar_arch_garden
D:3:      wander_river, layout_basic, uniq_robin
D:4:      layout_rooms, lemuel_coloured_pillars_altar, minmay_temple_entry_tees,
          minmay_misc_feat_pillars, hex_intersection, uniq_blork_the_orc,
          uniq_eustachio
D:5:      layout_gridville, ebering_ghost_rock_garden,
          kennysheep_generic_room_14
D:6:      layout_loops_cross, amcnicky_mini_pool_small, serial_bayou_pond_b
D:7:      layout_cave_pools
D:8:      layout_loops_ring, lair_entry_dummy
D:9:      layout_loops_corners, serial_shops, shop,
          minmay_guarded_unrand_staff_of_olgreb
D:10:     layout_stronghold, minmay_overflow_temple_hex, eino_tiny_chamber,
          eino_small_chamber_without_monster, uniq_grum, uniq_nergalle
D:11:     layout_loops_corners, zombieorc2_lemuel, kennysheep_generic_room_8,
          uniq_erolcha
Temple:   nicolae_temple_no_exploring_needed
Lair:1:   layout_small_grid, ebering_ghost_disaster_area, serial_forest,
          infiniplex_forest_side_room, infiniplex_forest_lined_room_3,
          infiniplex_forest_side_room, infiniplex_forest_clump_long,
          infiniplex_forest_clump_tiny, infiniplex_forest_clump_small,
          infiniplex_forest_straight_4, serial_bayou_crossing,
          infiniplex_staircase_pool, uniq_fannar
Lair:2:   layout_hall_layers, minmay_lair_oklob_chamber
Lair:3:   gammafunk_indiana_jones, layout_cave_pods, beast_lair_carwin_10,
          uniq_prince_ribbit2
Lair:4:   minmay_lair_oklob_tunnel, layout_gridlike, minmay_swamp_entry_worms,
          spider_nest_entry_web_field, basic_altar,
          hangedman_lair_generics_rect, uniq_josephine
Lair:5:   layout_roguey, slime_altar_1, special_room [special_room_bee],
          minivault_27, roderic_carrion_pond

Skill      XL: |  1  2  3  4  5  6  7  8  9 10 11 12 13 14 |
---------------+-------------------------------------------+-----
Fighting       | 3 4 5 6 7 9 10 11 12 14 | 14.3
Maces & Flails | 1 2 3 4 5 6 8 10 11 12 13 14 | 14.0
Throwing       | 5 6 7 8 9 10 11 | 11.9
Dodging        | 3 |  3.7
Armour         | 2 4 6 7 |  7.6
Stealth        | |  0.6

Action                   |  1- 3 |  4- 6 |  7- 9 | 10-12 | 13-15 || total
-------------------------+-------+-------+-------+-------+-------++-------
Melee: Dagger            |    88 |     5 |       |       |       ||    93
       Short sword       |    18 |       |       |       |       ||    18
       Mace              |    25 |       |       |       |       ||    25
       Whip              |       |   123 |   472 |    14 |       ||   609
       Giant club        |       |       |       |   452 |   373 ||   825
Throw: Large rock        |     1 |    10 |    24 |    10 |     8 ||    53
Evoke: Wand              |       |       |       |     5 |     2 ||     7
  Use: Scroll            |       |       |    13 |    14 |     5 ||    32
       Potion            |       |       |       |     3 |     3 ||     6
 Stab: Distracted        |       |       |       |     2 |     7 ||     9
Armor: Robe              |    55 |    39 |    71 |     9 |       ||   174
       Pearl dragon scal |       |       |       |   332 |   269 ||   601
Dodge: Dodged            |    70 |   107 |   193 |   232 |   214 ||   816
Block: Other             |       |       |    32 |       |       ||    32

Table legend: (Time is in decaauts)
 A = Elapsed time spent in this place.
 B = Non-inter-level travel time spent in this place.
 C = Inter-level travel time spent in this place.
 D = Time resting spent in this place.
 E = Time spent auto-exploring this place.
 F = Levels seen in this place.
 G = Mean time per level.
                   A        B        C        D        E       F      G
               +--------+--------+--------+--------+--------+-----+--------+
         Total |  22043 |  20894 |   1149 |   6560 |  11106 |  17 | 1296.6 |
       Dungeon |  16216 |  15248 |    968 |   5576 |   7405 |  11 | 1474.2 |
        Temple |     14 |      2 |     12 |      0 |      0 |   1 |   14.0 |
          Lair |   5812 |   5644 |    168 |    984 |   3700 |   5 | 1162.4 |
               +--------+--------+--------+--------+--------+-----+--------+

Top non-repeatable levels by time:
     D:3: 2286 daAuts
  Lair:3: 1871 daAuts
     D:5: 1656 daAuts
     D:7: 1588 daAuts
    D:11: 1587 daAuts
     D:6: 1511 daAuts
     D:2: 1404 daAuts
  Lair:4: 1368 daAuts
    D:10: 1313 daAuts
     D:1: 1299 daAuts
     D:4: 1262 daAuts
     D:8: 1166 daAuts
  Lair:1: 1163 daAuts
     D:9: 1140 daAuts
  Lair:2: 913 daAuts

Table legend:
 A = Kills in this place as a percentage of kills in entire the game.
 B = Kills by you in this place as a percentage of kills by you in the entire game.
 C = Kills by friends in this place as a percentage of kills by friends in the entire game.
 D = Other kills in this place as a percentage of other kills in the entire game.
 E = Experience gained in this place as a percentage of experience gained in the entire game.
 F = Experience gained in this place divided by the number of levels of this place that you have seen.
                   A       B       C       D       E      F
               +-------+-------+-------+-------+-------+----------------------
         Total | 100.0 | 100.0 |   N/A |   N/A | 100.0 | 3614.8
       Dungeon |  63.6 |  63.6 |   N/A |   N/A |  30.5 | 1704.8
          Lair |  36.4 |  36.4 |   N/A |   N/A |  69.5 | 8539.8
               +-------+-------+-------+-------+-------+----------------------
